 Dungeon Crawl Stone Soup version 0.23.0 (webtiles) character file.

Game seed: 15843121799097296786

205 Geeful the Skirmisher (level 5, -5/51 HPs)
             Began as a Naga Warper on Feb 17, 2019.
             Killed by divine providence
             ... invoked by an orc priest
              (11 damage)
             ... on level 3 of the Dungeon.
             The game lasted 00:09:14 (2594 turns).

Geeful the Skirmisher (Naga Warper)                 Turns: 2594, Time: 00:09:15

Health: -5/51      AC:  4    Str: 11 (13) XL:     5   Next: 83%
Magic:  8/8        EV:  9    Int: 12 (14) God:
Gold:   134        SH:  0    Dex:  9 (11) Spells: 1/8 levels left

rFire    . . .     SeeInvis +   a - +0 spear
rCold    . . .     Gourm    .   (no shield)
rNeg     . . .     Faith    .   b - +1 leather armour
rPois    +         Spirit   .   (no helmet)
rElec    .         Reflect  .   (no cloak)
rCorr    .         Harm     .   (no gloves)
MR       .....                  (no barding)
Stlth    +.........             (no amulet)
HPRegen  0.17/turn              (no ring)
MPRegen  0.11/turn              (no ring)

@: lightly drained, very slow
A: large, see invisible, deformed body, poison resistance, slowness 2, slow
metabolism 1, spit poison 1, AC +1
a: Spit Poison


You were on level 3 of the Dungeon.
You were hungry.

You visited 1 branch of the dungeon, and saw 3 of its levels.

You collected 134 gold pieces.

Inventory:

Hand Weapons
 a - a +0 spear (weapon)
 j - a +0 dagger of draining
Missiles
 e - 2 tomahawks of dispersal (quivered)
Armour
 b - a +1 leather armour (worn)
 k - a +0 shield
Scrolls
 c - a scroll of noise {unknown}
 d - a scroll of blinking
Comestibles
 f - 6 rations


   Skills:
 * Level 4.9 Fighting
 - Level 2.0(1.9) Polearms
 - Level 0.8 Throwing
 - Level 0.7(0.6) Armour
 - Level 2.0 Dodging
 - Level 2.0(1.9) Spellcasting
 + Level 4.0(3.9) Translocations


You had one spell level left.
You knew the following spells:

 Your Spells              Type           Power        Failure   Level  Hunger
a - Blink                 Tloc           N/A          11%         2    ###....
b - Shroud of Golubria    Chrm/Tloc      #.........   24%         2    ###....
c - Teleport Other        Tloc           ##......     22%         3    ####...

Your spell library contained the following spells:

 Spells                   Type           Power        Failure   Level  Hunger
 Gell's Gravitas          Tloc           ##........   22%         3    ####...
 Lesser Beckoning         Tloc           ##........   22%         3    ####...
 Passage of Golubria      Tloc           N/A          56%         4    #####..


Dungeon Overview and Level Annotations

Branches:
Dungeon (3/15)

Altars:
Gozag
Ru
Vehumet


Innate Abilities, Weirdness & Mutations

You cannot wear boots.
Your serpentine skin is tough. (AC +1)
You have supernaturally acute eyesight. (SInv)
Armour fits poorly on your strangely shaped body.
Your system is resistant to poisons. (rPois)
You cover ground very slowly.
You have a slow metabolism.
You can spit poison.


Message History

The orc priest is moderately wounded.
The orc priest looks more healthy.
The orc priest closely misses you.
Throwing (i - inventory)
e - 4 tomahawks of dispersal (quivered)
Press: ? - help, Shift-Dir - straight line, f/p - orc priest
Aim: an orc priest (heavily wounded)
You throw a tomahawk of dispersal.
The tomahawk of dispersal closely misses the orc priest.
The tomahawk of dispersal hits the orc priest.
The orc priest blinks!
You have got your breath back.
The orc priest closely misses you.
Throwing (i - inventory)
e - 3 tomahawks of dispersal (quivered)
Press: ? - help, Shift-Dir - straight line, f/p - orc priest
Aim: an orc priest (heavily wounded)
You throw a tomahawk of dispersal.
The tomahawk of dispersal closely misses the orc priest.
The orc priest barely misses you.
The orc priest invokes the aid of Beogh against you.
Beogh smites you!
You die...

#.# ##.## #. #.#
##..<## #.#
#.########.....#
#.#
#..............#
#.#
#.########.....#
#.#
#...............
##.#
#.##############
#..####.#
#..§o@..#
#..###### #..#
#..# #.o# #..#
#..# #).# #..(


You could see an orc priest.

Vanquished Creatures
  A sky beast (D:2)
  An orc wizard (D:2)
  4 oozes
  2 dart slugs (D:1)
  2 leopard geckos
  3 orcs
  10 bats
  5 hobgoblins
  4 jackals (D:2)
  7 kobolds
  2 quokkas (D:2)
  A ball python (D:1)
  5 frilled lizards
  6 goblins
  8 rats
61 creatures vanquished.

Notes
Turn   | Place    | Note
-------+----------+-------------------------------------------
     0 | D:1      | Geeful the Naga Warper began the quest for the Orb.
     0 | D:1      | Reached XP level 1. HP: 19/19 MP: 3/3
   353 | D:1      | Reached XP level 2. HP: 14/27 MP: 5/5
   611 | D:1      | Reached XP level 3. HP: 26/34 MP: 6/6
   615 | D:1      | Learned a level 2 spell: Blink
   618 | D:1      | Learned a level 2 spell: Shroud of Golubria
  1234 | D:2      | Found a radiant altar of Vehumet.
  1381 | D:2      | Found a faded altar of an unknown god.
  1398 | D:2      | Noticed a sky beast
  1417 | D:2      | Killed a sky beast
  1417 | D:2      | Reached XP level 4. HP: 30/45 MP: 7/7
  1417 | D:2      | Reached XP level 5. HP: 34/51 MP: 8/8
  1858 | D:2      | Found an opulent altar of Gozag.
  1951 | D:2      | Found a sacrificial altar of Ru.
  2282 | D:2      | Learned a level 3 spell: Teleport Other
  2594 | D:3      | Killed from afar by an orc priest

Skill      XL: |  1  2  3  4  5 |
---------------+----------------+-----
Dodging        | 2 |  2.0
Fighting       | 3 4 |  4.9
Translocations | 4 |  4.0
Polearms       | |  2.0
Throwing       | |  0.8
Armour         | |  0.7
Spellcasting   | |  2.0

Action                   |  1- 3 |  4- 6 || total
-------------------------+-------+-------++-------
Melee: Spear             |   123 |   156 ||   279
Throw: Tomahawk          |       |     3 ||     3
 Abil: Spit Poison       |     6 |     3 ||     9
  Use: Scroll            |     3 |     1 ||     4
       Potion            |     1 |     2 ||     3
 Stab: Sleeping          |     1 |       ||     1
  Eat: Chunk             |     1 |     3 ||     4
Armor: Leather armour    |    35 |    58 ||    93
Dodge: Dodged            |    48 |    64 ||   112
